 Dungeon Crawl Stone Soup version 0.29.0-4-gdea44cf6ec (webtiles) character file.

Game seed: 6240068494680745838

65 zkyp the Cutter (level 4, -4/29 HPs)
             Began as a Kobold Chaos Knight on Aug 28, 2022.
             Was a Plaything of Xom.
             Slain by Sigmund the unseen horror (shapeshifter) (9 damage)
             ... on level 3 of the Dungeon.
             The game lasted 00:02:03 (2508 turns).

zkyp the Cutter (Kobold Chaos Knight)               Turns: 2508, Time: 00:02:03

Health: -4/29      AC:  5    Str:  9    XL:     4   Next: 35%
Magic:  4/4        EV: 15    Int: 13    God:    Xom [..*...]
Gold:   99         SH:  0    Dex: 16    Spells: 3/3 levels left

rFire   . . .      SeeInvis .   j - +2 dagger (chaos)
rCold   . . .      Faith    .   (no shield)
rNeg    . . .      Spirit   .   b - +2 leather armour
rPois   .          Reflect  .   (no helmet)
rElec   .          Harm     .   (no cloak)
rCorr   .          Rampage  .   (no gloves)
Will    .....                   (no boots)
Stlth   +++.......              (no amulet)
HPRegen 0.09/turn               (no ring)
MPRegen 0.09/turn               (no ring)

@: attractive
A: small, no large weapons, nightstalker 3, camouflage 1, high MP 1
a: Renounce Religion


You were on level 3 of the Dungeon.
You worshipped Xom.
You were a toy of Xom.
You visited 1 branch of the dungeon, and saw 3 of its levels.

You collected 99 gold pieces.

Inventory:

Hand Weapons
 a - a +0 short sword of chaos
 j - a +2 dagger of chaos (weapon)
Armour
 b - a +2 leather armour (worn)
Magical Staves
 h - a staff of poison {!a}
Jewellery
 g - a ring of fire
Scrolls
 d - a scroll of poison {unknown}
 e - a scroll of vulnerability {unknown}
 f - a scroll of amnesia {unknown}
Miscellaneous
 c - a piece from Xom's chessboard (15/15) (quivered)


   Skills:
 + Level 3.9 Fighting
 * Level 5.4 Short Blades
 - Level 0.7 Armour
 + Level 3.3 Dodging


You had 3 spell levels left.
You didn't know any spells.
Your spell library contained the following spells:

 Spells                   Type           Power      Damage    Failure   Level
 Summon Small Mammal      Summ           0%         N/A       38%         1
 Call Canine Familiar     Summ           0%         N/A       77%         3
 Summon Guardian Golem    Hex/Summ       0%         N/A       77%         3
 Hailstorm                Conj/Ice       0%         3d3       99%         4
 Ice Form                 Ice/Tmut       0%         N/A       99%         4
 Simulacrum               Ice/Necr       0%         N/A       100%        6


Dungeon Overview and Level Annotations

Branches:
Dungeon (3/15)

Altars:

Annotations:
D:3 Sigmund


Innate Abilities, Weirdness & Mutations

You are small and have problems with some larger weapons.
You are completely attuned to the shadows.
Your skin changes colour to match your surroundings (Stealth+).
You have an increased reservoir of magic. (+10% MP)


Message History

Sigmund is nearby!
Sigmund shouts!
Sigmund barely misses you.
You barely miss Sigmund. You hit Sigmund.
Sigmund is poisoned.
Sigmund is lightly wounded.
Sigmund misses you.
You hit Sigmund.
Sigmund is moderately wounded.
You completely miss Sigmund.
Sigmund is heavily wounded.
Sigmund says, "You will soon forget everything."
Sigmund misses you.
You hit Sigmund.
Sigmund goes berserk!
Sigmund is heavily wounded.
Sigmund misses you.
You hit Sigmund. You freeze Sigmund.
Sigmund is severely wounded.
You hit Sigmund.
Sigmund is almost dead.
Sigmund misses you.
You hit Sigmund.
Sigmund changes into a shapeshifter!
Xom is highly amused!
Sigmund the shapeshifter changes into something you cannot see!
No target in view!
Deactivating autopickup; reactivate with Ctrl-A.
You closely miss something. Something hits you! Something hits you.
You miss something. Something hits you.
You closely miss something. Something hits you. x2
* * * LOW HITPOINT WARNING * * *
You hit something. Something hits you but does no damage.
You hit something but do no damage. Something hits you but does no damage.
It was a potion of attraction.
You feel attractive to monsters.
Xom thinks this is hilarious!
Something hits you but does no damage. Something completely misses you.
You closely miss something. Something hits you but does no damage.
Something is attracted toward you.
You hit something. You freeze something. Something hits you!
You die...

#.# #.#
#########.##
...........#
####.####.##
#.# ### #.#
#.#
#.###########
#.......@)ยง..
#....########
####.# #.# #.#
#.# #.#


There were no monsters in sight!

Vanquished Creatures
  2 adders (D:2)
  5 ball pythons
  5 endoplasms
  6 goblins
  4 hobgoblins
  4 jackals (D:1)
  3 quokkas (D:1)
  3 bats
  2 frilled lizards
  4 kobolds
  3 rats
41 creatures vanquished.

Notes
Turn   | Place    | Note
-------+----------+-------------------------------------------
     0 | D:1      | zkyp the Kobold Chaos Knight began the quest for the Orb.
     0 | D:1      | Reached XP level 1. HP: 14/14 MP: 1/1
   299 | D:1      | Reached XP level 2. HP: 19/19 MP: 2/2
   310 | D:1      | Found a faded altar of an unknown god.
   650 | D:1      | Reached XP level 3. HP: 20/23 MP: 3/3
   860 | D:1      | XOM: divination: magic mapping
  1007 | D:1      | XOM: silly message
  1338 | D:1      | XOM: torment (13/23 hp)
  1556 | D:2      | XOM: blink monster(s)
  1701 | D:2      | XOM: give mutations
  1701 | D:2      | Gained mutation: You have an increased reservoir of magic.
                  | (+10% MP) [Xom's grace]
  1701 | D:2      | Gained mutation: Your skin changes colour to match your
                  | surroundings (Stealth+). [Xom's grace]
  1744 | D:2      | XOM: 1-stop teleportation journey
  1760 | D:2      | Reached skill level 5 in Short Blades
  1795 | D:2      | XOM: god gift: ring of fire
  1845 | D:2      | Reached XP level 4. HP: 28/29 MP: 4/4
  2022 | D:2      | XOM: chaos upgrade
  2489 | D:3      | Noticed Sigmund
  2500 | D:3      | Noticed Sigmund
  2500 | D:3      | Sigmund changed into Sigmund the shapeshifter
  2500 | D:3      | Sigmund the shapeshifter changed into something unseen
  2508 | D:3      | Slain by Sigmund the unseen horror (shapeshifter)

Illustrated notes

Levels and vault maps discovered:
D:1:      psy_arrival_basics, layout_loops_corners,
          shapermc_ecumenical_altar_pompeii
D:2:      layout_basic
D:3:      layout_loops_ring, uniq_natasha, uniq_sigmund

Skill      XL: |  1  2  3 |
---------------+----------+-----
Dodging        | 3 |  3.3
Short Blades   | 5 |  5.4
Fighting       | |  3.9
Armour         | |  0.7

Action                   |  1- 3 |  4- 6 || total
-------------------------+-------+-------++-------
Melee: Short sword       |    93 |    15 ||   108
       Dagger            |       |    18 ||    18
  Use: Potion            |       |     1 ||     1
 Stab: Sleeping          |     6 |     2 ||     8
       Confused          |     1 |       ||     1
Armor: Leather armour    |    16 |     8 ||    24
Dodge: Dodged            |    57 |    16 ||    73
